[Event "Early-Titled-Tuesday-Blitz-April-23-2024"]
[Site "Chess.com"]
[Date "2024.04.23"]
[Round "1"]
[White "2Coaches1Profile"]
[Black "FairChess_on_YouTube"]
[Result "0-1"]
[WhiteElo "2552"]
[BlackElo "3101"]
[TimeControl "180+1"]
[EndTime "8:05:00 PDT"]
[Termination "FairChess_on_YouTube won by checkmate"]

1. d4 Nf6 2. Bg5 g6 3. Bxf6 exf6 4. e3 f5 5. c4 d5 6. cxd5 Qxd5 7. Nc3 Qd6 8. g3 c6 9. Bg2 Bg7 10. Nge2 Nd7 11. O-O h5 12. h4 Nf6 13. a3 Ng4 14.
Nf4 Bd7 15. b4 g5 16. hxg5 h4 17. gxh4 Rxh4 18. Bf3 O-O-O 19. b5 Rdh8 20. Qa4 Nxe3 21. fxe3 Rxf4 22. bxc6 Rxd4 23. cxd7+ Kd8 24. Ra2 Rxa4 25.
Nxa4 Qd3 26. Re2 Qd6 27. Nb2 b5 28. Rd1 Qg3+ 29. Bg2 Be5 30. Nd3 Rh1+ 31. Kxh1 Qh2# 0-1

[Event "Early-Titled-Tuesday-Blitz-April-23-2024"]
[Site "Chess.com"]
[Date "2024.04.23"]
[Round "1"]
[White "chess_sharparchitect"]
[Black "djano"]
[Result "0-1"]
[WhiteElo "2229"]
[BlackElo "2614"]
[TimeControl "180+1"]
[EndTime "8:05:02 PDT"]
[Termination "djano won by resignation"]

1. c4 g6 2. Nc3 Bg7 3. e4 c5 4.
Nf3 Nc6 5. d3 d6 6. g3 Bg4 7.
Bg2 Qd7 8. h3 Bxf3 9. Bxf3 Nf6 10.
Be3 O-O 11. Qd2 Ne8 12. Bg2 Nc7 13. O-O Ne6 14. Ne2 Rab8 15. a4 Ned4 16. Nxd4 Nxd4 17. Bxd4 Bxd4 18. Ra2 a6 19. b4 b5 20. axb5 axb5 21. bxc5 bxc4 22. cxd6 c3 23. Qf4 Qxd6 24. Qg4 Rb2 25.
Raa1 Rfb8 26. Rac1 Rd2 27. h4 h5 28. Qf3 Rbb2 29.
Bh3 Rxf2 30. Rxf2 Rxf2 0-1

[Event "Early-Titled-Tuesday-Blitz-April-23-2024"]
[Site "Chess.com"]
[Date "2024.04.23"]
[Round "1"]
[White "Journey_to_GrandMaster_YT"]
[Black "SpeedofLight0"]
[Result "0-1"]
[WhiteElo "2550"]
[BlackElo "3084"]
[TimeControl "180+1"]
[EndTime "8:05:07 PDT"]
[Termination "SpeedofLight0 won by resignation"]

1. d4 d6 2. Nf3 g6 3. g3 Bd7 4. Bg2 Qc8 5. O-O Bh3 6. e4 h5 7.
Nc3 Bg7 8. e5 Nc6 9. Re1 h4 10. exd6 cxd6 11. Nxh4 Nxd4 12. Bg5 Bxg2 13. Kxg2 Qc6+ 14. f3 Rh5 15. Be3 Nb5 16. Nxb5 Rxb5 17. Rb1 g5 18. c4 Re5 19. Bxg5 Rxg5 20. Qd2 Bf6 21. b4 Qxc4 22. Rbc1 Qxh4 23. Qd5 Qxh2+ 24. Kxh2 Rxd5 25. Rc7 Rb5 26. a3 a5 27. Rec1 axb4 28. axb4 Kf8 0-1

[Event "Early-Titled-Tuesday-Blitz-April-23-2024"]
[Site "Chess.com"]
[Date "2024.04.23"]
[Round "1"]
[White "Chesstiger64"]
[Black "littlepinkyboy"]
[Result "0-1"]
[WhiteElo "2348"]
[BlackElo "2656"]
[TimeControl "180+1"]
[EndTime "8:05:07 PDT"]
[Termination "littlepinkyboy won by checkmate"]

1. Nf3 d5 2. g3 Nf6 3. Bg2 g6 4.
O-O Bg7 5. d3 O-O 6. Nbd2 c5 7.
c3 Nc6 8. e4 dxe4 9. Nxe4 Bf5 10. Qe2 Nxe4 11. dxe4 Bg4 12. h3 Bxf3 13. Bxf3 Qc7 14.
Bf4 Be5 15. Bxe5 Nxe5 16. Rfd1 Rad8 17. Rxd8 Rxd8 18. Rd1 c4 19. Rxd8+ Qxd8 20. Qe3 Qd3 21. Qxd3 cxd3 22. Bd1 Nc4 23. Kf1 Nxb2 24. Ke1 Nc4 25. a4 a6 26. a5 Nxa5 27. Kd2 Nc4+ 28. Kxd3 Nb2+ 29. Kd2 Nxd1 30. Kxd1 e5 31. Kc2 Kf8 32. Kb3 Ke7 33. Kb4 Kd6 34. Ka5 Kc5 35. f4 exf4 36.
gxf4 Kc4 37. Kb6 Kxc3 38. Kxb7 a5 39. Ka6 a4 40. Ka5 a3 41. Ka4 a2 42. Ka3 a1=Q# 0-1

[Event "Early-Titled-Tuesday-Blitz-April-23-2024"]
[Site "Chess.com"]
[Date "2024.04.23"]
[Round "1"]
[White "Anu-triz"]
[Black "Statham_01"]
[Result "0-1"]
[WhiteElo "2028"]
[BlackElo "2577"]
[TimeControl "180+1"]
[EndTime "8:05:08 PDT"]
[Termination "Statham_01 won by checkmate"]

1. e4 c5 2. Nc3 Nc6 3. f4 e6 4. Nf3 g6 5. Bc4 Bg7 6. O-O Nge7 7. d3 d5 8. exd5 exd5 9. Bb5 Be6 10. Kh1 Qb6 11. a4 a6 12. Bxc6+ Qxc6 13. a5 h5 14. Ng5 O-O-O 15. Re1 Nf5 16. Na4 h4 17. Nb6+ Kb8 18. Nxe6 fxe6 19. Qe2 Bd4 20. g3 hxg3 21. h3 Rxh3+ 22. Kg2 Rh2+ 23. Kf3 Rf2+ 24.
Qxf2 Bxf2 25. Re5 d4+ 26. Kg4 g2 27. Bd2 Ne3+ 28. Bxe3 dxe3 29. Nc4 Rh8 30. Nxe3 Rh3 31. Kxh3 Qf3+ 32. Kh2 Qg3# 0-1

[Event "Early-Titled-Tuesday-Blitz-April-23-2024"]
[Site "Chess.com"]
[Date "2024.04.23"]
[Round "1"]
[White "SAInt_666"]
[Black "Smiechu"]
[Result "0-1"]
[WhiteElo "2725"]
[BlackElo "2445"]
[TimeControl "180+1"]
[EndTime "8:05:10 PDT"]
[Termination "Smiechu won by resignation"]

1. e4 c5 2. Nf3 g6 3. c3 Bg7 4. d4 cxd4 5. cxd4 d5 6. e5 Nh6 7. Bb5+ Bd7 8. Qa4 O-O 9. Nc3 e6 10. O-O Bxb5 11. Qxb5 Qd7 12. Qd3 Nc6 13. Bg5 Nf5 14.
g4 Nfe7 15. Qe3 f6 16. exf6 Bxf6 17. Rfe1 e5 18. Bxf6 Qxg4+ 19. Kh1 Rxf6 20. Nxe5 Nxe5 21. dxe5 Rf3 22. Qc5 Raf8 23. Rg1 Qh4 24. Rg2 Rxf2 25. Rag1 Rxg2 26. Rxg2 d4 27. Qc4+ Kh8 28. Nb5 Qe1+ 29. Rg1 Qe4+ 30. Rg2 Rf2 0-1

[Event "Early-Titled-Tuesday-Blitz-April-23-2024"]
[Site "Chess.com"]
[Date "2024.04.23"]
[Round "1"]
[White "Durarbayli"]
[Black "ahmedkandiliii"]
[Result "1-0"]
[WhiteElo "2933"]
[BlackElo "2526"]
[TimeControl "180+1"]
[EndTime "8:05:11 PDT"]
[Termination "Durarbayli won by resignation"]

1. d4 Nf6 2. c4 e6 3. Nc3 Bb4 4. f3 d5 5. a3 Bxc3+ 6. bxc3 c5 7. cxd5 Nxd5 8. dxc5 O-O 9. e4 Ne7 10. Qxd8 Rxd8 11. Be3 e5 12. Rb1 Nbc6 13. Ne2 Rb8 14. Nc1 Be6 15. Be2 Na5 16. Rb4 Nec6 17. Ra4 Nb3 18. Nd3 Nba5 19. Nxe5 Nxe5 20. Rxa5 Nd3+ 21. Bxd3 Rxd3 22. Bd4 a6 23. Ra4 Bd7 24. Rb4 Bb5 25. Rxb5 axb5 26. Ke2 Rxd4 27. cxd4 Ra8 28. Rb1 Rxa3 29. Rxb5 Ra2+ 30. Ke3 Rxg2 31. c6 1-0

[Event "Early-Titled-Tuesday-Blitz-April-23-2024"]
[Site "Chess.com"]
[Date "2024.04.23"]
[Round "1"]
[White "Elegance_Riks"]
[Black "MaiqMaster"]
[Result "1-0"]
[WhiteElo "2760"]
[BlackElo "2437"]
[TimeControl "180+1"]
[EndTime "8:05:12 PDT"]
[Termination "Elegance_Riks won by resignation"]

1. Nf3 Nf6 2. g3 g6 3. Bg2 Bg7 4. O-O O-O 5. b3 b6 6. Bb2 Bb7 7. c4 c5 8. Nc3 d6 9. e3 Nc6 10. d4 e5 11. d5 Ne7 12. Nd2 Nh5 13. Rb1 f5 14. f4 exf4 15. exf4 Nf6 16. Nf3 h6 17. Re1 Qd7 18. Qc2 Rae8 19. Re6 Nc8 20. Nh4 Kh7 21. Rbe1 Rxe6 22. dxe6 Qe7 23. Bxb7 Qxb7 24.
Qd2 Ne4 25. Nxe4 Bxb2 26. Nxc5 dxc5 27. Qxb2 Nd6 28. e7 Rf7 29. e8=Q Nxe8 30. Rxe8 1-0

[Event "Early-Titled-Tuesday-Blitz-April-23-2024"]
[Site "Chess.com"]
[Date "2024.04.23"]
[Round "1"]
[White "TheoSlade"]
[Black "js20000"]
[Result "0-1"]
[WhiteElo "2408"]
[BlackElo "2727"]
[TimeControl "180+1"]
[EndTime "8:05:12 PDT"]
[Termination "js20000 won by resignation"]

1. d4 e6 2. c4 b6 3. e4 Bb4+ 4. Bd2 Bxd2+ 5. Qxd2 d5 6. cxd5 exd5 7. e5 Ne7 8. Nf3 O-O 9. Bd3 c5 10. O-O Nbc6 11.
Nc3 Bg4 12. dxc5 Bxf3 13. gxf3 Nxe5 14. Qe3 N7c6 15. Na4 d4 16. Qe4 f5 17. Qe2 Qg5+ 18. Kh1 Qf4 19. Bc4+ Kh8 20. Bd5 b5 21. Bxc6 Nxc6 22.
Qxb5 Qxf3+ 23. Kg1 Rf6 24. Rfe1 Rg6+ 25. Kf1 d3 0-1

[Event "Early-Titled-Tuesday-Blitz-April-23-2024"]
[Site "Chess.com"]
[Date "2024.04.23"]
[Round "1"]
[White "temiksmozg"]
[Black "RichardShtivelband"]
[Result "1-0"]
[WhiteElo "2675"]
[BlackElo "2366"]
[TimeControl "180+1"]
[EndTime "8:05:15 PDT"]
[Termination "temiksmozg won by resignation"]

1. e4 c5 2. Nf3 Nc6 3. d4 cxd4 4. Nxd4 Nf6 5. Nc3 e5 6. Ndb5 d6 7. Nd5 Nxd5 8. exd5 Nb8 9. c4 Be7 10. c5 O-O 11. Be2 a6 12. Nxd6 Bxd6 13. cxd6 Qxd6 14. O-O Nd7 15. f4 Nf6 16. fxe5 Qxe5 17. d6 Be6 18. Bf4 Qc5+ 19. Kh1 Nd5 20. Rc1 Qb6 21. Qd2 Rad8 22. Bg3 Rd7 23. Bf3 Ne3 24. Rfe1 Nf5 25. Bf4 Nxd6 26. Qe3 Qxe3 27. Rxe3 Nc4 28. Rxe6 fxe6 29.
Rxc4 e5 30. Be3 Rfd8 31. h3 1-0

[Event "Early-Titled-Tuesday-Blitz-April-23-2024"]
[Site "Chess.com"]
[Date "2024.04.23"]
[Round "1"]
[White "guillembaches"]
[Black "stratacticos"]
[Result "1-0"]
[WhiteElo "2563"]
[BlackElo "1838"]
[TimeControl "180+1"]
[EndTime "8:05:21 PDT"]
[Termination "guillembaches won on time"]

1. d4 Nf6 2. Nf3 g6 3. Bg5 Bg7 4. Nbd2 d5 5. e3 O-O 6. Be2 b6 7. O-O Ba6 8. Bxa6 Nxa6 9. Ne5 c5 10. c3 Nc7 11. h3 Ne6 12. Bh4 cxd4 13. exd4 g5 14. Bg3 h5 15. Re1 h4 16. Bh2 Rc8 17.
Qe2 Qe8 18. Nxf7 Qxf7 19. Qxe6 Qxe6 20. Rxe6 Kf7 21. Re2 b5 22. Nb3 Ne4 23. Rae1 b4 24. cxb4 a5 25. bxa5 Rc4 26. f3 1-0

[Event "Early-Titled-Tuesday-Blitz-April-23-2024"]
[Site "Chess.com"]
[Date "2024.04.23"]
[Round "1"]
[White "bazar-wokzal"]
[Black "Ati1517"]
[Result "1/2-1/2"]
[WhiteElo "2608"]
[BlackElo "2250"]
[TimeControl "180+1"]
[EndTime "8:05:23 PDT"]
[Termination "Game drawn by agreement"]

1. e4 c5 2. c3 d5 3. exd5 Qxd5 4. d4 Nc6 5. Nf3 Bg4 6. Be2 cxd4 7. cxd4 e6 8. h3 Bh5 9. Nc3 Qd7 10. g4 Bg6 11.
Bb5 a6 12. Ne5 Qc7 13. Bxc6+ bxc6 14. Bf4 Bd6 15. h4 Nf6 16. h5 Be4 17. Nxe4 Nxe4 18.
Qf3 Qa5+ 19. Kf1 Bxe5 20. Qxe4 Bxf4 21. Qxf4 Qb5+ 22. Kg2 Rd8 23. h6 g5 24. Qf6 Rg8 25.
Rhe1 Qd5+ 26. f3 Qxd4 27. Qxd4 Rxd4 28. Re2 Ke7 29. Rc1 Rc8 30. Rc5 Rd5 31. Rec2 Kd6 32. R5c4 f5 33. Kf2 1/2-1/2

[Event "Early-Titled-Tuesday-Blitz-April-23-2024"]
[Site "Chess.com"]
[Date "2024.04.23"]
[Round "1"]
[White "Sandstad"]
[Black "Shtembuliak"]
[Result "0-1"]
[WhiteElo "2482"]
[BlackElo "2851"]
[TimeControl "180+1"]
[EndTime "8:05:24 PDT"]
[Termination "Shtembuliak won by resignation"]

1. d4 Nf6 2. c4 d6 3. Nc3 Bf5 4.
Nf3 g6 5. Nh4 Bd7 6. e4 e5 7. d5 Nxe4 8. Nxe4 Qxh4 9. Bd3 h6 10.
Qb3 b6 11. Bd2 f5 12. Nc3 Na6 13. Qc2 Nb4 14. Qb1 Nxd3+ 15. Qxd3 Bg7 16. Nb5 Qd8 17. h4 a6 18. Nc3 O-O 19. O-O-O b5 20. Rdg1 Qe8 21. f3 Rb8 22. g4 e4 23. fxe4 fxg4 24.
h5 g5 25. Ne2 Rf3 26. Qc2 bxc4 27. Bc3 Ba4 28. Qd2 Rd3 29. Qe1 Rd1+ 30. Qxd1 Bxd1 31.
Rxd1 Qxe4 0-1

[Event "Early-Titled-Tuesday-Blitz-April-23-2024"]
[Site "Chess.com"]
[Date "2024.04.23"]
[Round "1"]
[White "Fernando_Offermann"]
[Black "mac0504"]
[Result "1-0"]
[WhiteElo "2454"]
[BlackElo "2743"]
[TimeControl "180+1"]
[EndTime "8:05:24 PDT"]
[Termination "Fernando_Offermann won by checkmate"]

1. Nf3 Nc6 2. d4 g6 3. e4 Bg7 4. h3 d5 5. exd5 Qxd5 6. Nc3 Qd8 7.
d5 Nb4 8. Bc4 Nf6 9. a3 Na6 10.
O-O O-O 11. Qe2 Nc5 12. Bf4 Bf5 13. Nd4 Nfe4 14. Nxf5 gxf5 15. Nxe4 Nxe4 16. c3 c6 17. dxc6 bxc6 18. Rad1 Qa5 19. f3 Qb6+ 20. Kh2 Nd6 21. Ba2 Rfe8 22. Rd2 e5 23. Bg5 Qc7 24. Rfd1 Bf8 25. Bh4 f4 26. Bf2 Rad8 27. Kh1 Nf5 28. Qe4 Ng3+ 29. Bxg3 fxg3 30. Qg4+ Bg7 31. Qxg3 Rxd2 32.
Rxd2 Rd8 33. Qe1 Rxd2 34. Qxd2 h6 35. Qd3 Qb6 36. Qd2 Qc7 37. Bb1 Qe7 38. Be4 Qc5 39. Qd8+ Bf8 40. Qf6 Qf2 41. Qf5 Qxb2 42. Qh7# 1-0

[Event "Early-Titled-Tuesday-Blitz-April-23-2024"]
[Site "Chess.com"]
[Date "2024.04.23"]
[Round "1"]
[White "Kushch_Nikolai"]
[Black "Nikolakis2014"]
[Result "0-1"]
[WhiteElo "2409"]
[BlackElo "2733"]
[TimeControl "180+1"]
[EndTime "8:05:25 PDT"]
[Termination "Nikolakis2014 won by resignation"]

1. Nf3 Nf6 2. c4 g6 3. b4 Bg7 4. Bb2 d6 5. d4 O-O 6. e3 c6 7. Be2 a5 8. b5 Bf5 9. O-O cxb5 10. cxb5 Nbd7 11. Nbd2 Nb6 12. Nh4 Be6 13. a4 Rc8 14. e4 d5 15. e5 Ne4 16. Nhf3 f6 17.
exf6 exf6 18. Bd3 Nxd2 19. Nxd2 Nc4 20. Bc3 Re8 21. Nb3 b6 22. Rc1 Bh6 23. Rc2 Qd7 24.
h3 Na3 25. Rc1 Bxc1 26. Qxc1 Nc4 27. Qd1 Bf5 28. Be2 Ne3 29. fxe3 Rxc3 0-1

[Event "Early-Titled-Tuesday-Blitz-April-23-2024"]
[Site "Chess.com"]
[Date "2024.04.23"]
[Round "1"]
[White "UmarovSabir"]
[Black "vladgoncharov"]
[Result "1/2-1/2"]
[WhiteElo "2292"]
[BlackElo "2615"]
[TimeControl "180+1"]
[EndTime "8:05:25 PDT"]
[Termination "Game drawn by repetition"]

1. e4 e6 2. d4 d5 3. e5 c5 4. c3 Nc6 5. Nf3 Nge7 6. Be2 cxd4 7. cxd4 Nf5 8. a3 Nh4 9. O-O Nxf3+ 10. Bxf3 Qb6 11.
Be3 Qxb2 12. Nd2 Be7 13. Nb3 O-O 14. Be2 a5 15. Bc1 Qc3 16. Bd2 Qb2 17. Bc1 Qc3 18. Bd2 Qb2 19. Bc1 1/2-1/2

[Event "Early-Titled-Tuesday-Blitz-April-23-2024"]
[Site "Chess.com"]
[Date "2024.04.23"]
[Round "1"]
[White "eagleclaw07"]
[Black "Slovineanu"]
[Result "1-0"]
[WhiteElo "2880"]
[BlackElo "2500"]
[TimeControl "180+1"]
[EndTime "8:05:26 PDT"]
[Termination "eagleclaw07 won by resignation"]

1. d4 Nf6 2. c4 e6 3. Nc3 d5 4.
cxd5 Nxd5 5. e4 Nxc3 6. bxc3 c5 7. Nf3 cxd4 8. cxd4 Bb4+ 9. Bd2 Bxd2+ 10. Qxd2 O-O 11.
Bc4 Nd7 12. O-O b6 13. Rfe1 Bb7 14. Rad1 Rc8 15. Bb3 Re8 16. h4 Nf6 17. Qf4 Qc7 18. Ne5 Re7 19. Re3 Nd7 20. Rg3 Nxe5 21. dxe5 Rd7 22. Rxd7 Qxd7 23. h5 Qc6 24. Qf6 g6 25.
hxg6 hxg6 26. Rh3 1-0

[Event "Early-Titled-Tuesday-Blitz-April-23-2024"]
[Site "Chess.com"]
[Date "2024.04.23"]
[Round "1"]
[White "yaguigor"]
[Black "campochess"]
[Result "1-0"]
[WhiteElo "2604"]
[BlackElo "2156"]
[TimeControl "180+1"]
[EndTime "8:05:26 PDT"]
[Termination "yaguigor won by resignation"]

1. Nf3 c5 2. e4 Nc6 3. d4 cxd4 4. Nxd4 e5 5. Nb5 a6 6. Nd6+ Bxd6 7. Qxd6 Qe7 8. Qd1 Nf6 9. Nc3 d6 10. Be3 Be6 11.
Nd5 Bxd5 12. exd5 Nb8 13. c4 Nbd7 14. Be2 Rc8 15. O-O O-O 16. b4 Rfe8 17. Rc1 Nf8 18. c5 dxc5 19. bxc5 Ne4 20. d6 Qd7 21. Qd5 Nf6 22. Qb3 Ne6 23. Rfd1 Qc6 24. h3 Kh8 25. Bf3 e4 26. Be2 Nd7 27. Rd5 f6 28. Bg4 Ne5 29.
Rxe5 fxe5 30. Bxe6 Rb8 31. Bd5 Qd7 32. Bxe4 b6 33.
cxb6 Qxd6 34. b7 1-0

[Event "Early-Titled-Tuesday-Blitz-April-23-2024"]
[Site "Chess.com"]
[Date "2024.04.23"]
[Round "1"]
[White "DanielDardha2005"]
[Black "GM4life"]
[Result "0-1"]
[WhiteElo "2863"]
[BlackElo "2512"]
[TimeControl "180+1"]
[EndTime "8:05:28 PDT"]
[Termination "GM4life won by checkmate"]

1. d4 Nf6 2. Nf3 g6 3. c4 Bg7 4.
Nc3 O-O 5. e4 d6 6. Bd3 c5 7. d5 a6 8. a4 e6 9. O-O exd5 10. exd5 Re8 11. h3 Nbd7 12. Bf4 Qc7 13. Qd2 Ne5 14. Nxe5 dxe5 15. Bh2 Bd7 16. a5 Rad8 17.
Rfe1 Nh5 18. Bf1 f5 19. Na4 Bxa4 20. Rxa4 Qd7 21. Ra3 e4 22. b4 cxb4 23. Qxb4 f4 24. c5 Kh8 25. d6 Qc6 26. Qb6 Qd5 27. Rb3 Bd4 28. Qxb7 Bxf2+ 29. Kxf2 Qxc5+ 30. Ree3 fxe3+ 31. Rxe3 Rf8+ 32. Ke2 Qc2+ 33. Ke1 Qc1+ 34. Ke2 Qxf1+ 35. Kd2 Rf2+ 36. Kc3 Qc1+ 37. Kd4 Qd2+ 38. Kxe4 Re8+ 39. Be5+ Rxe5+ 40. Kxe5 Qxe3+ 41. Kd5 Nf6+ 42. Kc6 Rc2# 0-1

[Event "Early-Titled-Tuesday-Blitz-April-23-2024"]
[Site "Chess.com"]
[Date "2024.04.23"]
[Round "1"]
[White "ELPRIMO0O0"]
[Black "Heinza9"]
[Result "1-0"]
[WhiteElo "2642"]
[BlackElo "2324"]
[TimeControl "180+1"]
[EndTime "8:05:28 PDT"]
[Termination "ELPRIMO0O0 won by resignation"]

1. e4 e5 2. Nf3 Nc6 3. Nc3 Nf6 4. a3 d5 5. Bb5 d4 6. Ne2 Bd6 7. d3 h6 8. O-O O-O 9. Ng3 Ne7 10. Nh4 c6 11. Bc4 b5 12. Ba2 Be6 13. h3 Qd7 14. Qf3 Nh7 15. Qh5 Bxa2 16. Rxa2 Qe6 17. Ra1 Nf6 18.
Qf3 Nh7 19. Nhf5 Nxf5 20. Nxf5 Kh8 21. Qg3 Rg8 22. Nxd6 Qxd6 23. f4 g5 24. fxe5 Qg6 25. Rf5 f6 26. exf6 Nxf6 27. Qe5 Rgf8 28. Bd2 Rae8 29. Qxd4 Rf7 30. Raf1 Ref8 31. e5 Nd5 32. e6+ Rf6 33. c4 Nf4 34. R1xf4 gxf4 35. Rxf6 Rxf6 36. Bc3 Kg7 37. e7 1-0

[Event "Early-Titled-Tuesday-Blitz-April-23-2024"]
[Site "Chess.com"]
[Date "2024.04.23"]
[Round "1"]
[White "Bilan_Danila"]
[Black "MagnusCarlsen"]
[Result "0-1"]
[WhiteElo "2557"]
[BlackElo "3218"]
[TimeControl "180+1"]
[EndTime "8:05:30 PDT"]
[Termination "MagnusCarlsen won by resignation"]

1. d4 Nf6 2. Nf3 b5 3. e3 a6 4. c4 bxc4 5. Bxc4 e6 6. O-O d5 7. Bd3 c5 8. dxc5 Bxc5 9. b3 O-O 10. Bb2 Nbd7 11. Nc3 Bb7 12. Na4 Bd6 13. Nd4 Qb8 14.
f4 Rc8 15. Qe2 Qa7 16. Rac1 Nc5 17. Nxc5 Bxc5 18. Rc2 Qb6 19. Rfc1 a5 20. a4 h6 21. h3 Bf8 22. Rxc8 Rxc8 23. Rxc8 Bxc8 24. Nb5 Bc5 25. Bd4 Ba6 26. Qc2 Bxd4 27. Nxd4 Bxd3 28. Qxd3 Qb4 29. Nc2 Qc5 30. Kh2 Ne4 31. Nd4 Qc1 32. Qe2 Qb1 33. f5 e5 34. Nf3 Qxb3 35. Nxe5 Qb8 36. Qb2 Qxb2 0-1

[Event "Early-Titled-Tuesday-Blitz-April-23-2024"]
[Site "Chess.com"]
[Date "2024.04.23"]
[Round "1"]
[White "frederiksvane"]
[Black "Itay121"]
[Result "1-0"]
[WhiteElo "3034"]
[BlackElo "2543"]
[TimeControl "180+1"]
[EndTime "8:05:31 PDT"]
[Termination "frederiksvane won by resignation"]

1. Nf3 d5 2. g3 Nd7 3. d4 Ngf6 4. Nc3 e6 5. Bg2 c5 6. O-O Be7 7. Re1 O-O 8. e4 dxe4 9. Nxe4 Nxe4 10. Rxe4 Nf6 11. Re1 cxd4 12. Nxd4 Nd5 13. c4 Nb6 14. b3 Bf6 15. Be3 e5 16. Nb5 a6 17. Qxd8 Bxd8 18. Nd6 Rb8 19. Nxc8 Nxc8 20. Red1 Bf6 21. Rd7 b5 22. c5 Ne7 23. c6 Nf5 24. c7 Rbc8 25. Bb7 Nd4 26. Bxd4 exd4 27. Bxc8 Rxc8 28. Kf1 Kf8 29.
Re1 d3 30. Re3 d2 31. Ke2 b4 32. Kxd2 a5 33. Kd3 g6 34. Kc4 h5 35. Kb5 Ra8 36.
Kb6 Bd4+ 37. Rxd4 1-0

[Event "Early-Titled-Tuesday-Blitz-April-23-2024"]
[Site "Chess.com"]
[Date "2024.04.23"]
[Round "1"]
[White "Grossboss19"]
[Black "SpongeBob_03"]
[Result "1-0"]
[WhiteElo "2618"]
[BlackElo "2266"]
[TimeControl "180+1"]
[EndTime "8:05:31 PDT"]
[Termination "Grossboss19 won by resignation"]

1. Nf3 Nf6 2. d4 d5 3. g3 e6 4. Bg2 b6 5. O-O Bb7 6. c4 Nbd7 7. Ne5 Bd6 8. f4 Ne4 9. Nc3 Ndf6 10. Qa4+ Ke7 11. f5 Qe8 12. Qc2 Nxc3 13. bxc3 Kf8 14.
Bg5 Bxe5 15. dxe5 Ne4 16. Bxe4 dxe4 17. f6 Qc6 18. fxg7+ Kxg7 19. Bf6+ Kg8 20. e3 Qc5 21. Qe2 h5 22. Bxh8 1-0

[Event "Early-Titled-Tuesday-Blitz-April-23-2024"]
[Site "Chess.com"]
[Date "2024.04.23"]
[Round "1"]
[White "JonasEilenberg"]
[Black "lagedema"]
[Result "1-0"]
[WhiteElo "2753"]
[BlackElo "2433"]
[TimeControl "180+1"]
[EndTime "8:05:32 PDT"]
[Termination "JonasEilenberg won by resignation"]

1. d4 Nf6 2. c4 e6 3. Nc3 Bb4 4. Qc2 b6 5. e4 Bb7 6. Bd3 c5 7. d5 b5 8. dxe6 dxe6 9. cxb5 O-O 10. Ne2 c4 11. Bxc4 Nxe4 12. O-O Nxc3 13. bxc3 Bd6 14. Rd1 Bxh2+ 15. Kxh2 Qh4+ 16. Kg1 Qxc4 17. Qd3 Qxd3 18. Rxd3 Bd5 19. a4 Nd7 20. Ba3 Rfd8 21. Nf4 Ne5 22.
Rd4 Bb3 23. Rb1 Bc2 24. Rb2 Bf5 25. Rbd2 Rxd4 26. Rxd4 Rc8 27. Bc5 Bc2 28. Bxa7 g5 29. Nh5 Ra8 30. b6 Nc6 31. b7 Rxa7 32. b8=Q+ 1-0

[Event "Early-Titled-Tuesday-Blitz-April-23-2024"]
[Site "Chess.com"]
[Date "2024.04.23"]
[Round "1"]
[White "Meri-Arabidze"]
[Black "konradrutkowski"]
[Result "1-0"]
[WhiteElo "2660"]
[BlackElo "2341"]
[TimeControl "180+1"]
[EndTime "8:05:33 PDT"]
[Termination "Meri-Arabidze won by resignation"]

1. Nf3 Nf6 2. b3 g6 3. Bb2 Bg7 4. g3 O-O 5. Bg2 c5 6. O-O Nc6 7. c4 d6 8. d4 cxd4 9. Nxd4 d5 10. Nd2 Nxd4 11. Bxd4 Be6 12. c5 Re8 13. b4 Qd7 14.
Nf3 Bh3 15. a3 Bxg2 16. Kxg2 Qf5 17. Qd3 Ne4 18. Bxg7 Kxg7 19. Rfd1 Rad8 20. Rac1 g5 21. Rf1 e5 22. b5 Re6 23. c6 Rh6 24. cxb7 Qh3+ 25.
Kg1 g4 26. Nh4 Rxh4 27. gxh4 Qxh4 28. Rc8 1-0

[Event "Early-Titled-Tuesday-Blitz-April-23-2024"]
[Site "Chess.com"]
[Date "2024.04.23"]
[Round "1"]
[White "Kobalia"]
[Black "SilverSwords13"]
[Result "1-0"]
[WhiteElo "2818"]
[BlackElo "2470"]
[TimeControl "180+1"]
[EndTime "8:05:35 PDT"]
[Termination "Kobalia won by resignation"]

1. d4 d5 2. Nf3 Nf6 3. Bf4 c5 4. e3 Nc6 5. c3 e6 6. Nbd2 cxd4 7.
exd4 Nh5 8. Bg5 f6 9. Be3 Bd6 10.
Bb5 O-O 11. O-O f5 12. Bg5 Qc7 13. Nb3 Nf6 14. Bxf6 Rxf6 15. Re1 Bd7 16. Bxc6 Bxc6 17. Ne5 Be8 18. Nc1 b5 19. Ncd3 a5 20. a3 Rc8 21.
h3 Qb6 22. Qd2 h6 23. b4 a4 24. Nc5 Bxc5 25. dxc5 Qc7 26. Qd4 Bc6 27. Re3 Re8 28. Rae1 f4 29. R3e2 Rf5 30. Nf3 Bd7 31. Qd3 Kh8 32.
Nd4 Rg5 33. Nxe6 Bxe6 34. Rxe6 Rf8 35. Re8 Qf7 36. Rxf8+ Qxf8 37. Qxb5 f3 38. Re8 Rxg2+ 39. Kf1 Qxe8 40. Qxe8+ Kh7 41. Qf7 1-0

[Event "Early-Titled-Tuesday-Blitz-April-23-2024"]
[Site "Chess.com"]
[Date "2024.04.23"]
[Round "1"]
[White "jakopogi"]
[Black "LuisFSiles"]
[Result "1-0"]
[WhiteElo "2789"]
[BlackElo "2452"]
[TimeControl "180+1"]
[EndTime "8:05:37 PDT"]
[Termination "jakopogi won by resignation"]

1. d4 Nf6 2. c4 g6 3. Nc3 d5 4. cxd5 Nxd5 5. e4 Nxc3 6. bxc3 Bg7 7. Nf3 O-O 8. Be2 c5 9. O-O Bg4 10. Be3 Bxf3 11. Bxf3 cxd4 12. cxd4 Nc6 13. e5 e6 14. Rb1 Qd7 15. Qa4 Nxe5 16. Qxd7 Nxd7 17. Bxb7 Rad8 18. d5 exd5 19. Bxa7 Nf6 20. a4 Ne4 21. a5 Nd2 22. a6 Nxb1 23. Rxb1 d4 24. Bb6 Rb8 25.
Bc7 d3 26. Bxb8 Rxb8 27. a7 1-0

[Event "Early-Titled-Tuesday-Blitz-April-23-2024"]
[Site "Chess.com"]
[Date "2024.04.23"]
[Round "1"]
[White "BashirovKemal"]
[Black "Artemiki"]
[Result "0-1"]
[WhiteElo "2750"]
[BlackElo "2455"]
[TimeControl "180+1"]
[EndTime "8:05:38 PDT"]
[Termination "Artemiki won by resignation"]

1. e4 c5 2. Nf3 e6 3. d4 cxd4 4. Nxd4 Nc6 5. Nc3 Qc7 6. g3 Nf6 7. Bg2 a6 8. O-O h5 9. Bf4 e5 10. Nxc6 dxc6 11. Bg5 Bc5 12. Kh1 h4 13. Bxh4 Ng4 14.
Qe2 g5 15. Bxg5 Nxh2 16. Kg1 Bg4 17. Qc4 Nf3+ 18. Bxf3 Bxf3 19. Bh4 Rxh4 20. gxh4 Qd7 0-1

[Event "Early-Titled-Tuesday-Blitz-April-23-2024"]
[Site "Chess.com"]
[Date "2024.04.23"]
[Round "1"]
[White "jumpingknight20"]
[Black "duone"]
[Result "1-0"]
[WhiteElo "2735"]
[BlackElo "2418"]
[TimeControl "180+1"]
[EndTime "8:05:38 PDT"]
[Termination "jumpingknight20 won by checkmate"]

1. b3 Nf6 2. Bb2 g6 3. Nf3 Bg7 4. e3 O-O 5. c4 c6 6. d4 d5 7. Nc3 Bf5 8. Bd3 Ne4 9. O-O Nd7 10.
Rc1 Ndf6 11. Ne5 Nxc3 12. Bxc3 Bxd3 13. Qxd3 Ne4 14. Bb2 f6 15. Nf3 a5 16. cxd5 cxd5 17. Qb5 b6 18. Ba3 Rf7 19. Rc6 Rb8 20. Rfc1 e5 21. Qa6 Bf8 22. Rc8 Rxc8 23. Rxc8 Qd7 24.
Qa8 Nd6 25. Rd8 Qf5 26. h3 Qb1+ 27. Kh2 e4 28. Bxd6 exf3 29. Rxf8+ Kg7 30. Rxf7+ Kxf7 31. Qf8+ Ke6 32. Qe7+ Kf5 33. g4+ Kg5 34. Bf4+ Kh4 35. Qxh7# 1-0

[Event "Early-Titled-Tuesday-Blitz-April-23-2024"]
[Site "Chess.com"]
[Date "2024.04.23"]
[Round "1"]
[White "NovakRatko"]
[Black "Javadovvv"]
[Result "1-0"]
[WhiteElo "2376"]
[BlackElo "2652"]
[TimeControl "180+1"]
[EndTime "8:05:38 PDT"]
[Termination "NovakRatko won by resignation"]

1. d4 e6 2. c4 d5 3. cxd5 exd5 4. Nc3 c6 5. f3 Bb4 6. e4 dxe4 7. fxe4 Bxc3+ 8.
bxc3 Qh4+ 9. Kd2 Qxe4 10. Nf3 Nf6 11. Bc4 O-O 12. Re1 Qf4+ 13. Kc2 Qf5+ 14. Bd3 Qa5 15. a4 Be6 16. c4 Na6 17. Bd2 Qh5 18. h3 Rfe8 19.
Qb1 Bf5 20. Qxb7 Bxd3+ 21. Kxd3 Qf5+ 22. Kc3 Qa5+ 23. Kc2 Qb6 24. Rab1 Qxb7 25. Rxe8+ Rxe8 26. Rxb7 Ra8 27. Kd3 Nb8 28. Ne5 a6 29. Rc7 Kf8 30.
Rc8+ Ke7 31. Rxb8 1-0